 Dungeon Crawl Stone Soup version 0.21.1-1-g345015f (webtiles) character file.

165 inc the Conjurer (level 5, -4/31 HPs)
             Began as an Octopode Conjurer on June 11, 2018.
             Was an Initiate of Gozag.
             Slain by a centaur (6 damage)
             ... on level 5 of the Dungeon.
             The game lasted 00:04:09 (3603 turns).

inc the Conjurer (Octopode Conjurer)                Turns: 3603, Time: 00:04:10

Health: -4/31      AC:  1    Str:  7    XL:     5   Next: 46%
Magic:  5/10       EV: 13    Int: 19    God:    Gozag
Gold:   347        SH:  0    Dex: 12    Spells: 5/11 levels left

rFire    . . .     SeeInvis .   q - +0 mace
rCold    . . .     Gourm    .   (no shield)
rNeg     . . .     Faith    .   (helmet restricted)
rPois    .         Spirit   .   (no amulet)
rElec    .         Reflect  .   j - ring of wizardry
rCorr    .         Harm     .   (no ring)
MR       .....                  (no ring)
Stlth    +++.......             (no ring)
HPRegen  0.10/turn              (no ring)
MPRegen  0.12/turn              (no ring)
                                (no ring)
                                (no ring)

@: no status effects
A: almost no armour, stealthy swim, amphibious, 8 rings, constrict 8, camouflage
1, gelatinous body 1
a: Potion Petition, Call Merchant, Bribe Branch, Renounce Religion


You were on level 5 of the Dungeon.
You worshipped Gozag.
Gozag was aware of your devotion.
You were not hungry.

You visited 2 branches of the dungeon, and saw 6 of its levels.

You collected 410 gold pieces.
You paid 63 gold pieces to Gozag.

Inventory:

Hand Weapons
 q - a +0 mace (weapon)
Jewellery
 j - a ring of wizardry (left tentacle)
 n - a +2 ring of intelligence {unknown}
Scrolls
 b - 3 scrolls of remove curse {unknown}
 g - a scroll of amnesia {unknown}
 i - 3 scrolls of enchant armour {unknown}
 k - 2 scrolls of magic mapping {unknown}
 l - a scroll of fog {unknown}
 o - 2 scrolls of identify {unknown}
 p - a scroll of immolation {unknown}
Potions
 d - a potion of lignification {unknown}
 e - 5 potions of curing {unknown}
 f - a potion of heal wounds {unknown}
 h - a potion of mutation {unknown}
 m - a potion of cancellation {unknown}
 r - a potion of brilliance {unknown}
Books
 a - a book of Conjurations

   Spells                             Type                      Level
   a - Magic Dart                     Conjuration                  1
   b - Searing Ray                    Conjuration                  2
   c - Dazzling Spray                 Conjuration/Hexes            3
   d - Fulminant Prism                Conjuration/Hexes            4
   e - Force Lance                    Conjuration/Translocation    4
   f - Iskenderun's Mystic Blast      Conjuration                  4
Comestibles
 c - 2 rations


   Skills:
 - Level 2.0 Dodging
 - Level 2.6 Stealth
 + Level 3.6 Spellcasting
 - Level 5.5 Conjurations


You had 5 spell levels left.
You knew the following spells:

 Your Spells              Type           Power        Failure   Level  Hunger
a - Magic Dart            Conj           ###.         1%          1    None
b - Searing Ray           Conj           ###...       1%          2    ##.....
c - Dazzling Spray        Conj/Hex       ##....       6%          3    ###....


Dungeon Overview and Level Annotations

Branches:
Dungeon (5/15)             Temple (1/1) D:4

Altars:
Ashenzari
Cheibriados
Elyvilon
Fedhas
Gozag
Hepliaklqana
Kikubaaqudgha
Makhleb
Okawaru
Qazlal
Uskayaw
Vehumet
Wu Jian
The Shining One

Annotations:
D:2 1 runed door
D:4 teukkam's ghost, amateur TrMo


Innate Abilities, Weirdness & Mutations

You cannot wear most types of armour.
You are very stealthy in the water. (Stealth+)
You are amphibious.
You can wear up to eight rings at the same time.
You can use your tentacles to constrict eight enemies at once.
Your skin changes colour to match your surroundings (Stealth+).
Your rubbery body absorbs attacks. (AC +1, EV +1)


Message History

The centaur is moderately wounded.
The centaur shoots an arrow.
The arrow barely misses you.
The centaur shoots an arrow.
The arrow hits you!
You see here an arrow.
The centaur shoots an arrow.
The arrow hits you.
The centaur shoots an arrow.
The arrow hits you!
* * * LOW HITPOINT WARNING * * *
You see here 2 arrows.
Casting: Magic Dart
Confirm with . or Enter, or press ? or * to list all spells.
Aiming: Searing Ray
Press: ? - help, Shift-Dir - straight line, f/p - centaur
Aim: a centaur, wielding a shortbow (moderately wounded)
The searing ray hits the centaur.
The centaur is moderately wounded. (Press . to maintain the ray.)
The centaur unwields an uncursed shortbow.
The centaur hits you.
You die...
Your body crumbles into a pile of gold.

##....... ##...##### .
##..### .. ##..## .$.
##..## .... ######..##
.....## ####......##
.......###(........#
............c@((((.###
.....................###
.###.....^.............##
##............####...#
############## ##..# #..#
##.# #.# #.#


You could see a centaur.

Vanquished Creatures
  Terence (D:2)
  A worker ant zombie (D:5)
  4 gnolls
  3 adders
  An adder skeleton (D:4)
  A worm (D:2)
  4 orcs (D:3)
  4 giant cockroaches
  5 goblins
  7 hobgoblins
  8 jackals
  8 bats
  3 kobolds
  4 rats
54 creatures vanquished.

Notes
Turn   | Place    | Note
-------+----------+-------------------------------------------
     0 | D:1      | inc the Octopode Conjurer began the quest for the Orb.
     0 | D:1      | Reached XP level 1. HP: 11/11 MP: 3/3
   450 | D:1      | Reached XP level 2. HP: 17/17 MP: 1/5
  1012 | D:2      | Learned a level 2 spell: Searing Ray
  1100 | D:2      | Found a runed door.
  1251 | D:2      | Noticed Terence
  1268 | D:2      | Killed Terence
  1268 | D:2      | Reached skill level 5 in Conjurations
  1268 | D:2      | Reached XP level 3. HP: 3/21 MP: 0/6
  1547 | D:2      | Learned a level 3 spell: Dazzling Spray
  1564 | D:2      | Reached XP level 4. HP: 27/27 MP: 1/7
  1996 | D:2      | You fall through a shaft for 2 floors!
  1996 | D:4      | Noticed an ogre
  2004 | D:4      | Found a staircase to the Ecumenical Temple.
  2008 | Temple   | Entered the Ecumenical Temple
  2058 | Temple   | Became a worshipper of Gozag Ym Sagoz the Greedy
  2083 | D:4      | Noticed teukkam's ghost (amateur TrMo)
  2870 | D:3      | Reached XP level 5. HP: 23/31 MP: 0/9
  3398 | D:5      | Entered Level 5 of the Dungeon
  3597 | D:5      | Noticed a centaur
  3603 | D:5      | Slain by a centaur

Skill      XL: |  1  2  3  4 |
---------------+-------------+-----
Conjurations   | 5 |  5.5
Spellcasting   | 3 |  3.6
Dodging        | |  2.0
Stealth        | |  2.6

Action                   |  1- 3 |  4- 6 || total
-------------------------+-------+-------++-------
Melee: Unarmed           |    19 |     6 ||    25
       Constrict         |     5 |     7 ||    12
       Tentacles         |     5 |     1 ||     6
       Mace              |       |    12 ||    12
 Cast: Magic Dart        |    34 |    69 ||   103
       Searing Ray       |     2 |     4 ||     6
 Stab: Sleeping          |     1 |       ||     1
  Eat: Chunk             |     2 |     2 ||     4
       Ration            |       |     2 ||     2
Armor: Skin              |       |     1 ||     1
Dodge: Dodged            |    13 |    28 ||    41
